 Dungeon Crawl Stone Soup version 0.27.1-3-gb3d3a73c9e (webtiles) character file.

Game seed: 18050631096947306103

452 AarnesTheHuman the Shield-Bearer (level 7, -9/56 HPs)
             Began as a Barachi Fighter on Oct 27, 2021.
             Mangled by an ogre (10 damage)
             ... on level 3 of the Dungeon.
             The game lasted 00:05:36 (3126 turns).

AarnesTheHuman the Shield-Bearer (Barachi Fighter)  Turns: 3126, Time: 00:05:37

Health: -9/56      AC: 14    Str: 19    XL:     7   Next: 5%
Magic:  0/7        EV:  7    Int:  8    God:
Gold:   150        SH: 10    Dex: 12    Spells: 6/6 levels left

rFire    . . .     SeeInvis .   a - +0 long sword
rCold    . . .     Faith    .   c - +0 kite shield
rNeg     . . .     Spirit   +   q - +0 scale mail
rPois    .         Reflect  .   (no helmet)
rElec    .         Harm     .   (no cloak)
rCorr    .         Rampage  .   (no gloves)
Will     .....                  p - +2 pair of boots
Stlth    ..........             o - amulet of guardian spirit
HPRegen  0.18/turn              g - +4 ring of protection
MPRegen  0.10/turn              (no ring)

@: slow
A: amphibious, slowness 1, strong legs 1, +LOS
a: Hop


You were on level 3 of the Dungeon.
You visited 1 branch of the dungeon, and saw 4 of its levels.

You collected 150 gold pieces.

Inventory:

Hand Weapons
 a - a +0 long sword (weapon)
 b - a +1 whip of electrocution
Missiles
 f - 83 stones
 t - 10 poisoned darts (quivered)
 u - a throwing net
 v - 4 silver javelins
Armour
 c - a +0 kite shield (worn)
 p - a +2 pair of boots (worn)
 q - a +0 scale mail (worn)
Jewellery
 g - a +4 ring of protection (left hand)
 o - an amulet of guardian spirit (around neck)
Wands
 r - a wand of polymorph (3)
Scrolls
 j - 2 scrolls of teleportation
 l - a scroll of enchant armour
Potions
 d - a potion of lignification
 e - a potion of haste {unknown}
 h - a potion of ambrosia {unknown}
 i - 3 potions of curing
 n - a potion of heal wounds {unknown}
 s - a potion of degeneration {unknown}


   Skills:
 + Level 5.2 Fighting
 + Level 4.4 Long Blades
 + Level 5.2 Armour
 * Level 5.9 Shields


You had 6 spell levels left.
You didn't know any spells.
Your spell library was empty.

Dungeon Overview and Level Annotations

Branches:
Dungeon (4/15)
 Temple: D:4-7

Altars:
Ashenzari
Zin


Innate Abilities, Weirdness & Mutations

You are amphibious.
You cover ground slowly.
You can hop short distances.
You have an extended range of vision and can be seen from far away.


Message History

The ogre is lightly wounded.
You block the ogre's attack.
You climb upwards.
There is a stone staircase leading down, spattered with blood here.
You hit the ogre.
The ogre is lightly wounded.
You block the ogre's attack.
You slash the ogre!
The ogre is heavily wounded.
The ogre closely misses you.
You hit the ogre.
The ogre is severely wounded.
The ogre barely misses you.
You riposte.
You barely miss the ogre.
The ogre is severely wounded.
You hit the ogre.
The ogre is severely wounded.
The ogre closely misses you.
You closely miss the ogre.
The ogre is almost dead.
The ogre looks more healthy.
The ogre hits you with a +0 giant spiked club!
You barely miss the ogre.
The ogre is almost dead.
The ogre hits you with a +0 giant spiked club!!
You barely miss the ogre.
The ogre is almost dead.
The ogre hits you with a +0 giant spiked club!
* * * LOW HITPOINT WARNING * * *
You barely miss the ogre.
The ogre is almost dead.
You block the ogre's attack.
You hit the ogre but do no damage.
The ogre is severely wounded.
You block the ogre's attack.
The ogre hits you with a +0 giant spiked club!
* * * LOW HITPOINT WARNING * * *
You hit the ogre.
The ogre is almost dead.
The ogre hits you with a +0 giant spiked club!
You die...

..# #.# ._# #.# ######## ..#
#.# #......# .#######.#
#.####.#
##.......#####.####.######
..####...................#
..# #.#####.#.####.####.# ###
#.#####.#.####.# #.# #
#..........@O..# #.# #
#.##.##.######## #.# #
#.##.##.# #.# ######.......#
#.# #............#
#########.## #.......#.####
#.....##...#
........#.######.....##...###
............................#
........#...####......##.##.#


You could see an ogre.

Vanquished Creatures
  Grinder (D:3)
  Edmund (D:3)
  A hound (D:3)
  3 adders
  An ufetubus (D:4)
  3 dart slugs
  5 ball pythons
  4 endoplasms
  3 giant cockroaches
  8 goblins
  7 hobgoblins
  11 jackals
  5 quokkas
  3 bats
  6 frilled lizards
  4 kobolds
  9 rats
75 creatures vanquished.

Notes
Turn   | Place    | Note
-------+----------+-------------------------------------------
     0 | D:1      | AarnesTheHuman the Barachi Fighter began the quest for the
                  | Orb.
     0 | D:1      | Reached XP level 1. HP: 18/18 MP: 1/1
   175 | D:1      | Reached XP level 2. HP: 25/25 MP: 2/2
   317 | D:1      | Reached XP level 3. HP: 30/30 MP: 3/3
  1717 | D:3      | Reached XP level 4. HP: 37/37 MP: 4/4
  1855 | D:3      | Found a broken altar of Ashenzari.
  1855 | D:3      | Found a glowing silver altar of Zin.
  1960 | D:3      | Noticed Grinder
  2011 | D:4      | Noticed Edmund
  2024 | D:3      | Paralysed by Grinder for 3 turns
  2030 | D:3      | Paralysed by Grinder for 3 turns
  2034 | D:3      | Killed Grinder
  2035 | D:3      | Reached skill level 5 in Shields
  2035 | D:3      | Reached XP level 5. HP: 20/43 MP: 3/5
  2035 | D:3      | Reached XP level 6. HP: 23/50 MP: 3/6
  2652 | D:3      | Killed Edmund
  2653 | D:3      | Reached skill level 5 in Fighting
  2653 | D:3      | Reached skill level 5 in Armour
  2950 | D:3      | Reached XP level 7. HP: 52/56 MP: 7/7
  3125 | D:3      | HP: 1/56 [ogre (11)]
  3126 | D:3      | Mangled by an ogre

Illustrated notes

Levels and vault maps discovered:
D:1:      onia_arrival_handbag, layout_basic
D:2:      layout_loops_ring
D:3:      layout_loops_cross, gammafunk_temple_overflow_pools, uniq_grinder
D:4:      kennysheep_big_flooded_room, layout_cave_pools, uniq_edmund

Skill      XL: |  1  2  3  4  5  6 |
---------------+-------------------+-----
Fighting       | 4 5 |  5.2
Armour         | 4 5 |  5.2
Long Blades    | 3 4 |  4.4
Shields        | 4 5 |  5.9

Action                   |  1- 3 |  4- 6 |  7- 9 || total
-------------------------+-------+-------+-------++-------
Melee: Long sword        |   148 |    63 |    36 ||   247
       Unarmed           |       |     4 |       ||     4
       Whip              |       |    15 |       ||    15
Throw: Javelin           |       |     5 |       ||     5
       Throwing net      |       |     2 |       ||     2
       Dart              |       |     5 |     2 ||     7
  Use: Scroll            |       |     6 |     1 ||     7
       Potion            |       |     1 |       ||     1
Armor: Scale mail        |    86 |    34 |    33 ||   153
Dodge: Dodged            |    47 |    24 |    19 ||    90
Block: Kite shield       |    86 |    53 |    37 ||   176
       Rpst.: Long sword |    11 |     5 |     3 ||    19
